 Dungeon Crawl Stone Soup version 0.28-a0-1182-g381e24db82 (webtiles) character file.

Game seed: 5514857100996170294

4911 Conn the Arsonist (level 10, -12/59 HPs)
             Began as an Octopode Fire Elementalist on Dec 17, 2021.
             Was a Believer of Sif Muna.
             Killed by an exploding yak (36 damage)
             ... ignited by their inner flame
             ... on level 9 of the Dungeon.
             The game lasted 00:23:18 (10642 turns).

Conn the Arsonist (Octopode Fire Elementalist)     Turns: 10642, Time: 00:23:18

Health: -12/59     AC:  1    Str:  4 (7)  XL:     10   Next: 51%
Magic:  5/22       EV: 13    Int: 22 (23) God:    Sif Muna [**....]
Gold:   386        SH:  0    Dex: 11 (12) Spells: 5/25 levels left

rFire   . . .      SeeInvis .   l - +2 dagger (speed)
rCold   . . .      Faith    .   (no shield)
rNeg    + . .      Spirit   .   (helmet restricted)
rPois   .          Reflect  .   w - amulet of magic regeneration
rElec   .          Harm     .   i - ring of wizardry
rCorr   .          Rampage  .   n - ring of positive energy
Will    .....                   (no ring)
Stlth   ++++......              (no ring)
HPRegen 0.19/turn               (no ring)
MPRegen 0.58/turn               (no ring)
                                (no ring)
                                (no ring)

@: no status effects
A: almost no armour, amphibious, 8 rings, camouflage 1, gelatinous body 1,
(nimble swimmer 1), tentacles
a: Renounce Religion, Channel Magic


You were on level 9 of the Dungeon.
You worshipped Sif Muna.
Sif Muna was pleased with you.
You visited 2 branches of the dungeon, and saw 10 of its levels.

You collected 431 gold pieces.
You spent 45 gold pieces at shops.

Inventory:

Hand Weapons
 b - a +0 short sword
 l - a +2 dagger of speed (weapon)
Missiles
 h - 54 poisoned darts (quivered)
 B - a curare-tipped dart
Jewellery
 i - a ring of wizardry (left tentacle)
 n - a ring of positive energy (right tentacle)
 w - an amulet of magic regeneration (around mantle)
Wands
 c - a wand of iceblast (2)
 t - a wand of polymorph (2)
 v - a wand of digging (8)
 y - a wand of flame (32)
Scrolls
 a - 6 scrolls of teleportation
 f - 2 scrolls of vulnerability
 g - 2 scrolls of identify
 k - 2 scrolls of fog {unknown}
 o - a scroll of acquirement {unknown}
 p - a scroll of summoning {unknown}
 q - a scroll of magic mapping {unknown}
 r - a scroll of blinking {unknown}
 s - 2 scrolls of amnesia {unknown}
 u - a scroll of fear
Potions
 e - 2 potions of might
 x - a potion of invisibility {unknown}
 z - a potion of flight {unknown}
 A - a potion of attraction {unknown}


   Skills:
 + Level 1.5 Fighting
 + Level 2.0 Short Blades
 + Level 0.2 Throwing
 + Level 3.1 Dodging
 + Level 6.0 Stealth
 + Level 8.1 Spellcasting
 + Level 6.6 Conjurations
 + Level 1.1 Hexes
 * Level 1.5 Translocations
 + Level 8.6 Fire Magic
 * Level 3.6 Invocations
 + Level 0.3 Evocations


You had 5 spell levels left.
You knew the following spells:

 Your Spells              Type           Power      Damage    Failure   Level
a - Foxfire               Conj/Fire      100%       2x1d9     1%          1
b - Conjure Flame         Conj/Fire      42%        6-21      1%          3
c - Inner Flame           Hex/Fire       30%        N/A       1%          3
d - Flame Wave            Conj/Fire      42%        2d8       1%          4
e - Scorch                Fire           92%        2d9       1%          2
f - Blink                 Tloc           30%        N/A       2%          2
g - Swiftness             Air            8%         N/A       9%          3
h - Passwall              Tmut/Erth      6%         N/A       4%          2

Your spell library contained the following spells:

 Spells                   Type           Power      Damage    Failure   Level
 Shock                    Conj/Air       92%        1d8       1%          1
 Airstrike                Air            4%         N/A       28%         4
 Manifold Assault         Tloc           15%        N/A       38%         5
 Storm Form               Tmut/Air       4%         N/A       100%        7


Dungeon Overview and Level Annotations

Branches:
Dungeon (9/15)             Temple (1/1) D:5
   Lair: D:8-11         Orc: D:9-12

Altars:
Ashenzari
Cheibriados
Dithmenos
Elyvilon
Fedhas
Gozag
Kikubaaqudgha
Nemelex Xobeh
Okawaru
Qazlal
Ru
Sif Muna
Trog
Uskayaw
Vehumet
Wu Jian
Xom
Yredelemnul
Zin
The Shining One

Shops:
D:6 ?


Innate Abilities, Weirdness & Mutations

You cannot wear most types of armour.
You are amphibious.
You can wear up to eight rings at the same time.
Your skin changes colour to match your surroundings (Stealth+).
Your rubbery body absorbs attacks. (AC +1, EV +1)
((You are camouflaged near water. (Stealth+)))
You have tentacles for arms and can constrict up to eight enemies at once.


Message History

Unknown command.
Casting: Foxfire (safe; 1% risk of failure)
Confirm with . or Enter, or press ? or * to list all spells.
Aiming: Inner Flame (safe; 1% risk of failure)
Press: ? - help, Dir - move target, f - yak
Aim: a yak (flame, ally target, chance to affect: 85%)
The yak is filled with an inner flame.
The foxfire hits the yak.
Flame seeps out of the yak.
The yak is lightly wounded.
Unknown command.
Casting: Inner Flame (safe; 1% risk of failure)
Confirm with . or Enter, or press ? or * to list all spells.
You conjure some foxfire!
The foxfire hits the yak.
Flame seeps out of the yak.
The yak is moderately wounded.
The yak is engulfed in blazing flames.
Flame seeps out of the yak.
Unknown command.
Casting: Foxfire (safe; 1% risk of failure)
Confirm with . or Enter, or press ? or * to list all spells.
You conjure some foxfire!
The foxfire hits the yak.
Flame seeps out of the yak.
The yak is severely wounded.
The yak is engulfed in blazing flames.
Flame seeps out of the yak.
The yak is engulfed in blazing flames.
Unknown command.
The foxfire hits the yak but does no damage.
The yak is almost dead.
The foxfire hits the yak but does no damage.
The yak is almost dead.
The yak is engulfed in blazing flames.
Your foxfire dissipates!
Unknown command.
Casting: Foxfire (safe; 1% risk of failure)
Confirm with . or Enter, or press ? or * to list all spells.
You conjure some foxfire!
The foxfire hits the yak.
Sif Muna accepts your kill.
The yak explodes!
The fiery explosion engulfs your foxfire.
Your foxfire completely resists.
The fiery explosion engulfs you!!!
Ouch! That really hurt!
You die...

......(.....§...
......###.##.)....#
#####)..).).......##
...##..........)...#
.))).)....§...)..>.#
...#.####..§§§§....
...#.# .........#
...).# ....)....##
.....# #####.v@).#
###o.# #§§§..# #o##
####§§§..# #.#
#.°Y.§#### ##.#
####§##### ##.o##
#..Yv# .Y...###)####
.###..#).# # ##...##


You could see 2 yaks.

Vanquished Creatures
  A hornet (D:7)
  Grinder (D:6)
  Sigmund (D:3)
  8 yaks
  Edmund (D:6)
  2 water moccasins
  An orc warrior (D:9)
  4 necrophages
  An ice beast (D:7)
  An ogre (D:5)
  3 black bears
  4 centaurs
  2 phantoms
  3 kobold brigands
  3 bullfrogs
  3 killer bees (D:8)
  2 howler monkeys
  A bullfrog zombie (D:6)
  A centaur zombie (D:9)
  3 hounds
  A centaur skeleton (D:5)
  2 gnoll shamans
  2 iguanas (D:6)
  4 orc priests
  2 jellies (D:6)
  5 orc wizards
  17 gnolls
  2 howler monkey skeletons
  2 howler monkey zombies
  9 adders
  A white imp (D:7)
  An ufetubus (D:6)
  2 dart slugs
  57 orcs
  8 endoplasms
  4 giant cockroaches
  5 goblins
  9 hobgoblins
  4 jackals (D:5)
  21 kobolds
  3 quokkas
  6 ball pythons
  3 bats
  2 frilled lizards
  2 rats (D:2)
220 creatures vanquished.

Vanquished Creatures (others)
  779 foxfires
  18 plants (D:3)
797 creatures vanquished.

Grand Total: 1017 creatures vanquished

Notes
Turn   | Place    | Note
-------+----------+-------------------------------------------
     0 | D:1      | Conn the Octopode Fire Elementalist began the quest for the
                  | Orb.
     0 | D:1      | Reached XP level 1. HP: 11/11 MP: 3/3
   448 | D:1      | Reached XP level 2. HP: 17/17 MP: 0/5
   715 | D:1      | Found a faded altar of an unknown god.
   877 | D:2      | Noticed a black bear
   946 | D:2      | Reached XP level 3. HP: 14/21 MP: 0/6
  1184 | D:2      | Learned a level 3 spell: Conjure Flame
  1188 | D:2      | Learned a level 3 spell: Inner Flame
  1220 | D:2      | Killed a black bear
  1221 | D:2      | Reached XP level 4. HP: 27/27 MP: 0/8
  1221 | D:2      | Reached XP level 5. HP: 31/31 MP: 0/9
  2130 | D:3      | Noticed Sigmund
  2139 | D:3      | Killed Sigmund
  2140 | D:3      | Reached XP level 6. HP: 36/36 MP: 5/11
  2534 | D:3      | Learned a level 4 spell: Flame Wave
  2537 | D:3      | Learned a level 2 spell: Scorch
  2779 | D:3      | Reached XP level 7. HP: 41/41 MP: 6/13
  3342 | D:4      | Reached skill level 5 in Fire Magic
  4783 | D:5      | Entered Level 5 of the Dungeon
  5098 | D:5      | Reached skill level 5 in Spellcasting
  5120 | D:5      | Reached XP level 8. HP: 37/47 MP: 0/15
  5568 | D:5      | Found a staircase to the Ecumenical Temple.
  5583 | Temple   | Entered the Ecumenical Temple
  5590 | Temple   | Became a worshipper of Sif Muna the Loreminder
  5665 | D:5      | Found a bloodstained altar of Trog.
  5900 | D:5      | Noticed a yak
  5901 | D:5      | Noticed a yak
  5909 | D:5      | Noticed a yak
  5915 | D:5      | Noticed a yak
  5935 | D:5      | Noticed a yak
  6362 | D:5      | Killed a yak
  6362 | D:5      | Killed a yak
  6362 | D:5      | Killed a yak
  6370 | D:5      | Killed a yak
  6371 | D:5      | Reached skill level 5 in Conjurations
  6512 | D:4      | Killed a yak
  6513 | D:4      | Reached XP level 9. HP: 52/52 MP: 1/18
  6889 | D:6      | Reached skill level 1 in Short Blades
  6963 | D:6      | Reached skill level 1 in Invocations
  6968 | D:6      | Reached * piety under Sif Muna
  6969 | D:6      | Reached skill level 1 in Hexes
  7191 | D:6      | Noticed Edmund
  7208 | D:6      | Found Wohy's Magic Scroll Shoppe.
  7212 | D:6      | Killed Edmund
  7213 | D:6      | Reached skill level 1 in Fighting
  7447 | D:6      | Bought a scroll of fear for 45 gold pieces
  8095 | D:6      | Noticed Grinder
  8104 | D:6      | Killed Grinder
  8105 | D:6      | Reached skill level 5 in Stealth
  8546 | D:7      | Noticed a hornet
  8559 | D:7      | Killed a hornet
  8560 | D:7      | Reached XP level 10. HP: 38/59 MP: 13/21
  8830 | D:7      | Found a glowing golden altar of the Shining One.
  9637 | D:8      | Learned a level 2 spell: Blink
  9641 | D:8      | Learned a level 3 spell: Swiftness
  9644 | D:8      | Learned a level 2 spell: Passwall
  9975 | D:8      | Reached skill level 1 in Translocations
 10080 | D:8      | Reached ** piety under Sif Muna
 10181 | D:8      | Identified the +2 leather armour of Limited Liability {Harm
                  | rN+ Will+ SInv}
 10642 | D:9      | Killed by an exploding yak... ignited by their inner flame

Illustrated notes

Levels and vault maps discovered:
D:1:      tarquinn_simple_flora_water_d, layout_rooms,
          chequers_ecumenical_altar_simple
D:2:      layout_loops_ring
D:3:      layout_loops_ring, minivault_27, nicolae_grassy_gnolls, uniq_sigmund
D:4:      layout_layer_cave, minmay_misc_feat_rows
D:5:      layout_gridville, bloody_trog, minmay_temple_entry_sparse_star,
          nrook_mini_vaults
D:6:      layout_gridville, minmay_shop_grid_forest, uniq_grinder, uniq_edmund
D:7:      layout_basic, mainiacjoe_overflow_concentric_impassable
D:8:      layout_basic, small_statue_intersection
D:9:      layout_rooms, orc_0_dummy, special_room [special_room_orc],
          serial_shops, nicolae_shop_stone
Temple:   nicolae_temple_no_exploring_needed

Skill      XL: |  1  2  3  4  5  6  7  8  9 10 |
---------------+-------------------------------+-----
Stealth        | 3 4 5 6 |  6.0
Spellcasting   | 3 4 5 6 7 8 |  8.1
Fire Magic     | 4 5 6 7 8 |  8.6
Conjurations   | 2 3 5 6 |  6.6
Short Blades   | 2 |  2.0
Invocations    | 3 |  3.6
Hexes          | 1 |  1.1
Fighting       | 1 |  1.5
Dodging        | 3 |  3.1
Translocations | 1 |  1.5
Throwing       | |  0.2
Evocations     | |  0.3

Action                   |  1- 3 |  4- 6 |  7- 9 | 10-12 || total
-------------------------+-------+-------+-------+-------++-------
Melee: Unarmed           |     2 |       |       |       ||     2
       Constrict         |     2 |     4 |    13 |     1 ||    20
       Short sword       |     4 |    14 |     4 |       ||    22
       Tentacles         |       |     3 |    10 |     1 ||    14
       Dagger            |       |       |    44 |     9 ||    53
Throw: Throwing net      |       |       |     1 |       ||     1
 Cast: Foxfire           |    42 |    51 |   250 |   122 ||   465
       Inner Flame       |       |     1 |     8 |     8 ||    17
       Scorch            |       |     7 |     4 |     5 ||    16
       Conjure Flame     |       |     2 |     5 |     3 ||    10
       Flame Wave        |       |       |     5 |     5 ||    10
       Blink             |       |       |       |     1 ||     1
Evoke: Wand              |     1 |       |     3 |     2 ||     6
  Use: Scroll            |       |       |     2 |       ||     2
       Potion            |       |       |       |     4 ||     4
 Stab: Sleeping          |       |     3 |     7 |     1 ||    11
Armor: Skin              |       |     2 |     3 |       ||     5
Dodge: Dodged            |     5 |    14 |    40 |    17 ||    76

Table legend: (Time is in decaauts)
 A = Elapsed time spent in this place.
 B = Non-inter-level travel time spent in this place.
 C = Inter-level travel time spent in this place.
 D = Time resting spent in this place.
 E = Time spent auto-exploring this place.
 F = Levels seen in this place.
 G = Mean time per level.
                   A        B        C        D        E       F      G
               +--------+--------+--------+--------+--------+-----+--------+
         Total |  10630 |  10468 |    162 |    337 |   8131 |  10 | 1063.0 |
       Dungeon |  10615 |  10460 |    155 |    337 |   8131 |   9 | 1179.4 |
        Temple |     14 |      7 |      7 |      0 |      0 |   1 |   14.0 |
               +--------+--------+--------+--------+--------+-----+--------+

Top non-repeatable levels by time:
     D:4: 2033 daAuts
     D:6: 1684 daAuts
     D:5: 1463 daAuts
     D:3: 1258 daAuts
     D:8: 1255 daAuts
     D:2: 1080 daAuts
     D:7: 824 daAuts
     D:1: 802 daAuts
     D:9: 213 daAuts
  Temple: 14 daAuts
